 Dungeon Crawl Stone Soup version 0.23-a0-329-g6f3f904 (webtiles) character file.

1697 Gorice the Covered (level 9, -5/66 HPs)
             Began as a Gnoll Wanderer on Oct 16, 2018.
             Was a Follower of Okawaru.
             Slain by an orc warrior
             ... wielding a +0 dire flail
              (12 damage)
             ... on level 4 of the Dungeon.
             The game lasted 00:20:55 (5666 turns).

Gorice the Covered (Gnoll Wanderer)                 Turns: 5666, Time: 00:20:56

Health: -5/66      AC: 14    Str: 19    XL:     9   Next: 3%
Magic:  14/14      EV: 10    Int: 13    God:    Okawaru [*.....]
Gold:   240        SH:  5    Dex: 15    Spells: 15/15 levels left

rFire    . . .     SeeInvis .   a - +1 whip (venom)
rCold    . . .     Gourm    .   r - +0 buckler
rNeg     . . .     Faith    .   J - +0 chain mail
rPois    .         Spirit   .   i - +0 helmet
rElec    .         Reflect  .   x - +0 cloak
rCorr    .         Harm     .   (no gloves)
MR       .....                  u - +0 pair of boots
Stlth    ..........             s - amulet of rage
HPRegen  0.21/turn              F - ring of flight
MPRegen  0.14/turn              j - +1 ring of evasion

@: no status effects
A: distributed training, fangs 1, strong nose
a: Heroism, Renounce Religion, Evoke Berserk Rage, Evoke Flight


You were on level 4 of the Dungeon.
You worshipped Okawaru.
Okawaru was aware of your devotion.
You were hungry.

You visited 2 branches of the dungeon, and saw 6 of its levels.
You also visited: Sewer.

You collected 240 gold pieces.

Inventory:

Hand Weapons
 a - a +1 whip of venom (weapon)
   (You took it off a kobold in a sewer)
 b - a +1 hand crossbow
 d - a +0 whip of electrocution
   (You took it off Pikel on level 4 of the Dungeon)
 q - a +0 war axe
 B - a +0 blowgun
 C - a +2 mace
Missiles
 c - 16 bolts
 l - 10 tomahawks (quivered)
 v - 29 poisoned needles
 Y - 90 stones
 Z - 5 throwing nets {!f}
Armour
 i - a +0 helmet (worn)
 r - a +0 buckler (worn)
 u - a +0 pair of boots (worn)
 x - a +0 cloak (worn)
 J - a +0 chain mail (worn)
Jewellery
 j - a +1 ring of evasion (right hand)
 k - a +2 ring of dexterity
 s - an amulet of rage (around neck)
 F - a ring of flight (left hand)
Wands
 I - a wand of digging (13)
Scrolls
 e - 4 scrolls of teleportation {!r}
 h - 2 scrolls of immolation {!r}
 n - 8 scrolls of remove curse
 o - 2 scrolls of magic mapping {!r}
 D - a scroll of enchant weapon
Potions
 g - 6 potions of curing
 m - 2 potions of flight
 p - a potion of might {!q}
 z - a potion of haste {!q}
 A - a potion of cancellation {!q}
 G - 2 potions of agility {!q}
 H - a potion of magic {!q}
Comestibles
 f - 11 rations
 t - 2 chunks of flesh


   Skills:
 + Level 4.6 Fighting
 + Level 3.7 Short Blades
 + Level 3.7 Long Blades
 + Level 3.7 Axes
 + Level 6.0 Maces & Flails
 + Level 3.7 Polearms
 + Level 3.7 Staves
 + Level 3.7 Slings
 + Level 6.0 Bows
 + Level 3.7 Crossbows
 + Level 3.7 Throwing
 + Level 7.6 Armour
 + Level 3.7 Dodging
 + Level 4.4 Stealth
 + Level 4.6 Shields
 + Level 3.7 Unarmed Combat
 + Level 3.7 Spellcasting
 + Level 3.0 Conjurations
 + Level 3.0 Hexes
 + Level 3.0 Charms
 + Level 3.0 Summonings
 + Level 3.0 Necromancy
 + Level 3.0 Translocations
 + Level 3.0 Transmutations
 + Level 3.0 Fire Magic
 + Level 3.0 Ice Magic
 + Level 3.0 Air Magic
 + Level 3.0 Earth Magic
 + Level 3.0 Poison Magic
 + Level 4.1 Invocations
 + Level 3.7 Evocations


You had 15 spell levels left.
You didn't know any spells.
Your spell library was empty.

Dungeon Overview and Level Annotations

Branches:
Dungeon (5/15)             Temple (1/1) D:4

Altars:
Cheibriados
Dithmenos
Fedhas
Gozag
Kikubaaqudgha
Nemelex Xobeh
Okawaru
Qazlal
Ru
Sif Muna
Trog
Uskayaw
Vehumet
Xom
Yredelemnul

Annotations:
D:5 Eustachio


Innate Abilities, Weirdness & Mutations

Your experience applies equally to all skills.
You have very sharp teeth.
Your uncanny sense of smell can sniff out nearby items.


Message History

a +0 robe; a +0 dagger; an orc skeleton You hit the hound.
The hound is poisoned.
The hound is moderately wounded.
The hound bites you but does no damage.
The orc warrior hits you with a +0 dire flail!
The hound bites you but does no damage. The hound barely misses you.
Damage: 8 (max 8)
The hound misses you. The hound bites you but does no damage.
You miss the hound.
The hound is almost dead.
The hound barely misses you.
You hit the hound.
You kill the hound!
Okawaru accepts your kill.
Your Maces & Flails skill increases to level 6!
Your Bows skill increases to level 6!
You hit the orc warrior but do no damage.
The orc warrior is moderately wounded.
The orc warrior barely misses you.
You hit the orc warrior.
The orc warrior is poisoned.
The orc warrior is heavily wounded.
You hit the orc but do no damage. The orc hits you but does no damage.
You whack the orc!
You kill the orc!
Okawaru accepts your kill.
The orc warrior hits you with a +0 dire flail.
Unknown command.
You hit the orc warrior but do no damage.
Your bite misses the orc warrior.
The orc warrior is heavily wounded.
The orc warrior hits you with a +0 dire flail!
Damage: 11 (max 11)
You barely miss the orc warrior.
The orc warrior is heavily wounded.
The orc warrior hits you with a +0 dire flail!!
* * * LOW HITPOINT WARNING * * *
Damage: 18 (max 18)
You closely miss the orc warrior.
The orc warrior is heavily wounded.
You hit the orc warrior.
The orc warrior looks as sick as possible!
You bite the orc warrior, but do no damage.
The orc warrior is heavily wounded.
The orc warrior hits you with a +0 dire flail!!
* * * LOW HITPOINT WARNING * * *
Damage: 20 (max 20) Unknown command.
The orc warrior hits you with a +0 dire flail!
You die...

.8...8.##.# #.# .......##.#
#.# ..._......# #.#
.......#.## #.############
.8...8.#.#### #............#
#.....##....## #......#####.#
###.###......## #..###.#####.#
#..# #.......###..# #.#...#.#
##.## #.......).@..###..###..#
#..# ##....[[.#o..........#..#
#.## #.....[>##.##.#..#.#.#..#
..####.##...###.#####'####...#
............# #.# ♣♣♣.♣♣♣#####
.####.####..# #.# ♣.....♣###
.####.# #..# #># ♣.♣♣♣.♣#.#
......# #..# #.# ♣.♣ ♣.♣#.#
.###### ##..###.# ♣.♣♣♣.♣#.#


You could see an orc warrior.

Vanquished Creatures
  Pikel (D:4)
  Duvessa (D:4)
  A sky beast (D:2)
  A slave (D:4)
  An ice beast (D:5)
  An ogre (D:4)
  A centaur (D:4)
  A bullfrog (D:5)
  Dowan (D:4)
  A howler monkey (D:5)
  A jelly (D:5)
  A hound (D:4)
  A bullfrog skeleton (D:4)
  2 orc priests (D:4)
  4 orc wizards
  2 worker ants
  8 gnolls
  6 adders
  7 river rats
  An ooze (Sewer)
  2 worms
  3 dart slugs
  2 leopard geckos
  16 orcs
  7 ball pythons
  2 bats (D:2)
  7 giant cockroaches
  2 goblins (D:2)
  9 hobgoblins
  21 kobolds
  2 quokkas
  A ball python zombie (D:5)
  2 frilled lizards
  A quokka skeleton (D:4)
  27 rats
147 creatures vanquished.

Vanquished Creatures (others)
  A slave (D:5)
  An orc wizard (D:5)
2 creatures vanquished.

Grand Total: 149 creatures vanquished

Notes
Turn   | Place    | Note
-------+----------+-------------------------------------------
     0 | D:1      | Gorice the Gnoll Wanderer began the quest for the Orb.
     0 | D:1      | Gorice set off with: a +2 mace, a +0 hand crossbow, 24
                  | bolts, a +0 ring mail, a ration
     0 | D:1      | Reached XP level 1. HP: 17/17 MP: 1/1
   248 | D:1      | Reached XP level 2. HP: 23/23 MP: 2/2
   834 | D:2      | Reached XP level 3. HP: 13/28 MP: 3/3
  1225 | D:2      | Noticed a sky beast
  1350 | D:2      | Killed a sky beast
  1350 | D:2      | Reached skill level 1 in Short Blades
  1350 | D:2      | Reached skill level 1 in Long Blades
  1350 | D:2      | Reached skill level 1 in Axes
  1350 | D:2      | Reached skill level 1 in Polearms
  1350 | D:2      | Reached skill level 1 in Staves
  1350 | D:2      | Reached skill level 1 in Slings
  1350 | D:2      | Reached skill level 1 in Crossbows
  1350 | D:2      | Reached skill level 1 in Throwing
  1350 | D:2      | Reached skill level 1 in Dodging
  1350 | D:2      | Reached skill level 1 in Unarmed Combat
  1350 | D:2      | Reached skill level 1 in Spellcasting
  1350 | D:2      | Reached skill level 1 in Conjurations
  1350 | D:2      | Reached skill level 1 in Hexes
  1350 | D:2      | Reached skill level 1 in Charms
  1350 | D:2      | Reached skill level 1 in Summonings
  1350 | D:2      | Reached skill level 1 in Necromancy
  1350 | D:2      | Reached skill level 1 in Translocations
  1350 | D:2      | Reached skill level 1 in Transmutations
  1350 | D:2      | Reached skill level 1 in Fire Magic
  1350 | D:2      | Reached skill level 1 in Ice Magic
  1350 | D:2      | Reached skill level 1 in Air Magic
  1350 | D:2      | Reached skill level 1 in Earth Magic
  1350 | D:2      | Reached skill level 1 in Poison Magic
  1350 | D:2      | Reached skill level 1 in Invocations
  1350 | D:2      | Reached skill level 1 in Evocations
  1350 | D:2      | Reached XP level 4. HP: 34/34 MP: 3/5
  1350 | D:2      | Reached XP level 5. HP: 40/40 MP: 3/6
  2287 | D:3      | Found a hide-covered altar of Uskayaw.
  2287 | D:3      | Found a sparkling altar of Nemelex Xobeh.
  2287 | D:3      | Found a deep blue altar of Sif Muna.
  2488 | D:3      | Reached skill level 3 in Fighting
  2488 | D:3      | Reached skill level 3 in Shields
  2664 | D:3      | Found a sacrificial altar of Ru.
  2759 | D:4      | Noticed Duvessa
  2759 | D:4      | Noticed Dowan
  2769 | D:4      | HP: 9/41 [Duvessa/cursed -1 short sword (4)]
  2771 | D:4      | HP: 4/41 [Duvessa/cursed -1 short sword (4)]
  2774 | D:4      | Killed Duvessa
  2774 | D:4      | Reached skill level 3 in Stealth
  2774 | D:4      | Reached skill level 2 in Invocations
  2774 | D:4      | Reached XP level 6. HP: 26/47 MP: 8/8
  2793 | D:4      | HP: 13/47 [Dowan/shard of ice (7)]
  2794 | D:4      | Killed Dowan
  2794 | D:4      | Reached skill level 2 in Short Blades
  2794 | D:4      | Reached skill level 2 in Long Blades
  2794 | D:4      | Reached skill level 2 in Axes
  2794 | D:4      | Reached skill level 5 in Maces & Flails
  2794 | D:4      | Reached skill level 2 in Polearms
  2794 | D:4      | Reached skill level 2 in Staves
  2794 | D:4      | Reached skill level 2 in Slings
  2794 | D:4      | Reached skill level 5 in Bows
  2794 | D:4      | Reached skill level 2 in Crossbows
  2794 | D:4      | Reached skill level 2 in Throwing
  2794 | D:4      | Reached skill level 2 in Dodging
  2794 | D:4      | Reached skill level 2 in Unarmed Combat
  2794 | D:4      | Reached skill level 2 in Spellcasting
  2794 | D:4      | Reached skill level 2 in Evocations
  3050 | D:4      | Found a glowing drain.
  3104 | Sewer    | Entered a sewer
  3402 | Sewer    | Reached XP level 7. HP: 52/52 MP: 10/10
  3965 | D:4      | Found an opulent altar of Gozag.
  4031 | D:4      | Got an encrusted ring mail
  4042 | D:4      | Identified the cursed +0 ring mail of Death Resistance
                  | {Int+3} (You found it on level 4 of the Dungeon)
  4122 | D:4      | Reached skill level 7 in Armour
  4167 | D:4      | Found a staircase to the Ecumenical Temple.
  4171 | Temple   | Entered the Ecumenical Temple
  4261 | Temple   | Became a worshipper of Warmaster Okawaru
  4462 | D:4      | Reached skill level 2 in Conjurations
  4462 | D:4      | Reached skill level 2 in Hexes
  4462 | D:4      | Reached skill level 2 in Charms
  4462 | D:4      | Reached skill level 2 in Summonings
  4462 | D:4      | Reached skill level 2 in Necromancy
  4462 | D:4      | Reached skill level 2 in Translocations
  4462 | D:4      | Reached skill level 2 in Transmutations
  4462 | D:4      | Reached skill level 2 in Fire Magic
  4462 | D:4      | Reached skill level 2 in Ice Magic
  4462 | D:4      | Reached skill level 2 in Air Magic
  4462 | D:4      | Reached skill level 2 in Earth Magic
  4462 | D:4      | Reached skill level 2 in Poison Magic
  4677 | D:4      | Reached skill level 3 in Invocations
  4687 | D:4      | HP: 1/53 [orc priest/divine providence (15)]
  5058 | D:5      | Entered Level 5 of the Dungeon
  5071 | D:5      | Reached * piety under Okawaru
  5071 | D:5      | Reached XP level 8. HP: 60/60 MP: 12/12
  5091 | D:5      | Found a shadowy altar of Dithmenos.
  5160 | D:5      | Reached skill level 4 in Fighting
  5160 | D:5      | Reached skill level 3 in Short Blades
  5160 | D:5      | Reached skill level 3 in Long Blades
  5160 | D:5      | Reached skill level 3 in Axes
  5160 | D:5      | Reached skill level 3 in Polearms
  5160 | D:5      | Reached skill level 3 in Staves
  5160 | D:5      | Reached skill level 3 in Slings
  5160 | D:5      | Reached skill level 3 in Crossbows
  5160 | D:5      | Reached skill level 3 in Throwing
  5160 | D:5      | Reached skill level 3 in Dodging
  5160 | D:5      | Reached skill level 4 in Shields
  5160 | D:5      | Reached skill level 3 in Unarmed Combat
  5160 | D:5      | Reached skill level 3 in Spellcasting
  5160 | D:5      | Reached skill level 3 in Evocations
  5238 | D:5      | Reached skill level 4 in Stealth
  5256 | D:5      | HP: 18/60 [gnoll/+0 spear (4)]
  5261 | D:5      | HP: 17/60 [gnoll/+0 spear (2)]
  5276 | D:5      | Noticed Pikel
  5277 | D:5      | Noticed Eustachio
  5489 | D:4      | Killed Pikel
  5489 | D:4      | Reached skill level 3 in Conjurations
  5489 | D:4      | Reached skill level 3 in Hexes
  5489 | D:4      | Reached skill level 3 in Charms
  5489 | D:4      | Reached skill level 3 in Summonings
  5489 | D:4      | Reached skill level 3 in Necromancy
  5489 | D:4      | Reached skill level 3 in Translocations
  5489 | D:4      | Reached skill level 3 in Transmutations
  5489 | D:4      | Reached skill level 3 in Fire Magic
  5489 | D:4      | Reached skill level 3 in Ice Magic
  5489 | D:4      | Reached skill level 3 in Air Magic
  5489 | D:4      | Reached skill level 3 in Earth Magic
  5489 | D:4      | Reached skill level 3 in Poison Magic
  5489 | D:4      | Reached skill level 4 in Invocations
  5539 | D:4      | Reached XP level 9. HP: 43/66 MP: 14/14
  5657 | D:4      | Reached skill level 6 in Maces & Flails
  5657 | D:4      | Reached skill level 6 in Bows
  5665 | D:4      | HP: 6/66 [orc warrior/+0 dire flail (20)]
  5666 | D:4      | Slain by an orc warrior

Vault maps used:
D:1:      dpeg_arrival_line_fractal
D:2:      wad_lake_hut, first_ration
D:3:      gammafunk_temple_overflow_forgotten, lemuel_crystal_altar
D:4:      grunt_gozag_statues, temple_hall_moat, portal_sewer_entry_b,
          kennysheep_generic_room_11, uniq_duvessa
D:5:      zin_statuary, lightli_temple_of_fire, basic_altar, uniq_pikel,
          uniq_eustachio, uniq_grinder
Temple:   zaba_magenta_temple
Sewer:    sewer_minmay_treatment

Skill      XL: |  1  2  3  4  5  6  7  8  9 |
---------------+----------------------------+-----
Short Blades   | 1 2 3 |  3.7
Long Blades    | 1 2 3 |  3.7
Axes           | 1 2 3 |  3.7
Polearms       | 1 2 3 |  3.7
Staves         | 1 2 3 |  3.7
Slings         | 1 2 3 |  3.7
Crossbows      | 1 2 3 |  3.7
Throwing       | 1 2 3 |  3.7
Dodging        | 1 2 3 |  3.7
Unarmed Combat | 1 2 3 |  3.7
Spellcasting   | 1 2 3 |  3.7
Conjurations   | 1 2 3 |  3.0
Hexes          | 1 2 3 |  3.0
Charms         | 1 2 3 |  3.0
Summonings     | 1 2 3 |  3.0
Necromancy     | 1 2 3 |  3.0
Translocations | 1 2 3 |  3.0
Transmutations | 1 2 3 |  3.0
Fire Magic     | 1 2 3 |  3.0
Ice Magic      | 1 2 3 |  3.0
Air Magic      | 1 2 3 |  3.0
Earth Magic    | 1 2 3 |  3.0
Poison Magic   | 1 2 3 |  3.0
Invocations    | 1 2 3 4 |  4.1
Evocations     | 1 2 3 |  3.7
Fighting       | 3 4 |  4.6
Shields        | 3 4 |  4.6
Stealth        | 3 4 |  4.4
Maces & Flails | 5 6 |  6.0
Bows           | 5 6 |  6.0
Armour         | 7 |  7.6

Action                   |  1- 3 |  4- 6 |  7- 9 || total
-------------------------+-------+-------+-------++-------
Melee: Mace              |    30 |   151 |       ||   181
       Bite              |     1 |    19 |    36 ||    56
       Whip              |       |    22 |   245 ||   267
       Punch             |       |       |     7 ||     7
 Fire: Hand crossbow     |    14 |    24 |    15 ||    53
  Use: Scroll            |     8 |     4 |     5 ||    17
       Potion            |       |     2 |     1 ||     3
 Stab: Sleeping          |     2 |     4 |     1 ||     7
  Eat: Chunk             |     1 |     7 |     7 ||    15
Armor: Ring mail         |    13 |    60 |    33 ||   106
       Skin              |       |    12 |       ||    12
       Chain mail        |       |       |    75 ||    75
Dodge: Dodged            |     6 |   137 |   137 ||   280
Block: Buckler           |       |       |    25 ||    25

Table legend:
 A = Non-vault XP
 B = Vault XP
 C = Vault XP percentage of total XP
 D = Non-vault monster count
 E = Vault monster count
 F = Vault count percentage of total count
                 A         B        C        D         E       F
            +---------+---------+-------+---------+---------+-------
      Total |    1398 |    1027 |  42.4 |      90 |      56 |  38.4
            +---------+---------+-------+---------+---------+-------
        D:1 |      28 |       0 |   0.0 |      13 |       0 |   0.0
        D:2 |     174 |       0 |   0.0 |      21 |       0 |   0.0
        D:3 |      58 |       0 |   0.0 |      20 |       0 |   0.0
        D:4 |     601 |     869 |  59.1 |      18 |       8 |  30.8
        D:5 |     537 |       0 |   0.0 |      18 |       0 |   0.0
      Sewer |       0 |     158 | 100.0 |       0 |      48 | 100.0
            +---------+---------+-------+---------+---------+-------

Table legend:
 A = Turns spent in this place as a percentage of turns spent in the entire game.
 B = Non-inter-level travel turns spent in this place as a percentage of non-inter-level travel turns spent in the entire game.
 C = Inter-level travel turns spent in this place as a percentage of turns spent in this place.
 D = Turns resting spent in this place as a percentage of non-inter-level travel turns spent in this place.
 E = Turns spent auto-exploring this place as a percentage of non-inter-level travel turns spent in this place.
 F = Non-inter-level travel turns spent in this place divided by the number of levels of this place that you've seen.
                   A       B       C       D       E      F
               +-------+-------+-------+-------+-------+----------------------
         Total | 100.0 | 100.0 |   4.4 |  22.8 |  40.4 | 773.4
       Dungeon |  84.4 |  84.4 |   4.4 |  24.4 |  43.1 | 914.4
        Temple |   1.8 |   1.1 |  41.3 |   0.0 |  55.7 |  61.0
         Sewer |  13.8 |  14.4 |   0.0 |  15.6 |  23.2 | 781.0
               +-------+-------+-------+-------+-------+----------------------

Vault maps used:
D:1:      dpeg_arrival_line_fractal
D:2:      wad_lake_hut, first_ration
D:3:      gammafunk_temple_overflow_forgotten, lemuel_crystal_altar
D:4:      grunt_gozag_statues, temple_hall_moat, portal_sewer_entry_b,
          kennysheep_generic_room_11, uniq_duvessa
D:5:      zin_statuary, lightli_temple_of_fire, basic_altar, uniq_pikel,
          uniq_eustachio, uniq_grinder
Temple:   zaba_magenta_temple
Sewer:    sewer_minmay_treatment
